 Dungeon Crawl Stone Soup version 0.29-a0-1006-g0dd7720b37 (webtiles) character file.

Game seed: 13455915646555610805

206 Sobieck the Tainter (level 5, 0/42 HPs)
             Began as a Naga Venom Mage on Aug 6, 2022.
             Slain by Menkaure (8 damage)
             ... on level 4 of the Dungeon.
             The game lasted 00:07:26 (2967 turns).

Sobieck the Tainter (Naga Venom Mage)               Turns: 2967, Time: 00:07:27

Health: 0/42       AC:  5    Str:  9 (10) XL:     5   Next: 84%
Magic:  8/8        EV:  9    Int: 16 (17) God:
Gold:   21         SH:  0    Dex: 11 (12) Spells: 1/8 levels left

rFire   . . .      SeeInvis +   y - +0 long sword (vorpal) {long}
rCold   . . .      Faith    .   (no shield)
rNeg    . . .      Spirit   .   A - +2 robe of Loehyebbauck {rCorr}
rPois   +          Reflect  .   (helmet restricted)
rElec   .          Harm     .   (no cloak)
rCorr   +          Rampage  .   o - +0 pair of gloves
Will    .....                   (no barding)
Stlth   ++........              (no amulet)
HPRegen 0.14/turn               (no ring)
MPRegen 0.11/turn               (no ring)

@: invisible, very slow
A: AC +1, large, see invisible, deformed body, poison resistance, slowness 2,
spit poison 1, naga tail 1, horns 1
a: Spit Poison


You were on level 4 of the Dungeon.
You visited 1 branch of the dungeon, and saw 4 of its levels.

You collected 123 gold pieces.
You spent 102 gold pieces at shops.


Innate Abilities, Weirdness & Mutations

Your serpentine skin is tough. (AC +1)
You have supernaturally acute eyesight. (SInv)
Armour fits poorly on your strangely shaped body.
Your system is resistant to poisons. (rPois)
You cover ground very slowly.
You can spit poison.
You have a snake-like lower body.
You have a pair of small horns on your head.


   Skills:
 - Level 1.5 Dodging
 - Level 3.0 Stealth
 - Level 2.0 Spellcasting
 - Level 1.0 Transmutations
 + Level 8.4 Poison Magic


You had one spell level left.
You knew the following spells:

 Your Spells              Type           Power      Damage    Failure   Level
a - Sting                 Tmut/Pois      64%        1d6       3%          1
b - Poisonous Vapours     Pois/Air       30%        N/A       5%          2
c - Olgreb's Toxic Radia  Pois           28%        N/A       7%          4

Your spell library contained the following spells:

 Spells                   Type           Power      Damage    Failure   Level
 Apportation              Tloc           2%         N/A       21%         1
 Necrotise                Necr           4%         1d4       21%         1
 Summon Small Mammal      Summ           4%         N/A       21%         1
 Mephitic Cloud           Conj/Pois/Air  10%        N/A       21%         3
 Dazzling Flash           Conj/Hex       2%         N/A       52%         3
 Iskenderun's Mystic Bla  Conj/Tloc      1%         2d3       90%         4
 Starburst                Conj/Fire      0%         6d3       100%        6

Inventory:

Hand Weapons
 a - a +0 sling
   (You found it on level 1 of the Dungeon)
 g - a +0 short sword {short}
   (You took it off a kobold on level 1 of the Dungeon)
 j - a +0 dagger {short}
   (You took it off a kobold on level 1 of the Dungeon)
 y - a +0 vorpal long sword (weapon) {long}
   (You found it on level 3 of the Dungeon)
Missiles
 c - 20 stones {throwing}
 i - 2 poisoned darts {throwing}
Armour
 d - a +0 ring mail
   (You found it on level 1 of the Dungeon)
 h - a +0 robe
   (You found it on level 1 of the Dungeon)
 k - a +0 robe
 l - a +0 leather armour
   (You found it on level 1 of the Dungeon)
 o - a +0 pair of gloves (worn)
   (You found it on level 2 of the Dungeon)
 p - a +0 robe
   (You found it on level 2 of the Dungeon)
 t - a +0 ring mail
   (You took it off an orc on level 3 of the Dungeon)
 u - a +0 leather armour
   (You found it on level 3 of the Dungeon)
 x - a +0 ring mail
   (You found it on level 3 of the Dungeon)
 z - a +0 chain mail
   (You found it on level 3 of the Dungeon)
 A - the +2 robe of Loehyebbauck (worn) {rCorr}
   (You bought it in a shop on level 3 of the Dungeon)

   rCorr:     It protects you from acid and corrosion.
 B - a +0 robe
   (You took it off an orc wizard on level 3 of the Dungeon)
 C - a +0 leather armour
   (You took it off an orc on level 3 of the Dungeon)
 D - a +0 ring mail
   (You took it off an orc on level 3 of the Dungeon)
Magical Staves
 s - a staff of conjuration {!a@e2staff}
   (You found it on level 2 of the Dungeon)
Scrolls
 f - 2 scrolls of identify {unknown}
 m - a scroll of noise {unknown}
 n - 2 scrolls of teleportation {unknown}
Potions
 b - a potion of magic
 q - a potion of curing {@q1}
 v - a potion of mutation {!q}

Dungeon Overview and Level Annotations

Branches:
Dungeon (3/15) Zot: 20374

Altars:
Elyvilon

Shops:
D:3 [

Annotations:
D:4 Menkaure

o............#
#..#.####...########
.....o............
.########o########
#o# #.# #o# #M#
###@########.
#............
##.....#####.##
................#
#..##.....#####..#
#.........# #
..####### ... .#


You could see Menkaure, 2 orc wizards and an orc (unable to see you).


Message History

Press: ? - help, Shift-Dir - straight line, f - orc wizard
Aim: an orc wizard, wielding a +0 dagger and wearing a +0 robe (severely wounded, very poisoned, 50% to hit)
The splash of poison misses the orc wizard.
Casting: Olgreb's Toxic Radiance (quite dangerous; 7% risk of failure)
Confirm with . or Enter, or press ? or * to list all spells.
Aiming: Sting (safe; 3% risk of failure)
Press: ? - help, Shift-Dir - straight line, f - you, p - orc wizard
Okay, then.
Casting: Sting (safe; 3% risk of failure)
Confirm with . or Enter, or press ? or * to list all spells.
Aiming: Sting (safe; 3% risk of failure)
Press: ? - help, Shift-Dir - straight line, f/p - orc wizard
Aim: an orc wizard, wielding a +0 dagger and wearing a +0 robe (severely wounded, poisoned, 67% to hit)
The sting hits the orc wizard.
The orc wizard looks even sicker.
You have got your breath back.
The orc wizard casts a spell at you.
You are confused.
Unknown command.
You kill the orc wizard!
Unknown command.
You bump into the rock wall.
Unknown command.
You bump into the rock wall.
Unknown command.
You feel less confused.
B - a +0 robe
Things that are here:
a +0 dagger {short}; an orc corpse
C - a +0 leather armour
Things that are here:
a +0 war axe {axe}; an orc corpse Unknown command.
D - a +0 ring mail
Things that are here:
a +0 whip of flaming {mace}; an orc corpse Unknown command.
You start resting.
Unknown command.
c - 20 stones {throwing} (gained 3)
Things that are here:
a +0 whip of flaming {mace}; an orc corpse
Things that are here:
a +0 war axe {axe}; an orc corpse
Things that are here:
a +0 dagger {short}; an orc corpse You enter the shallow water.
Moving in this stuff is going to be slow.
A ball python comes into view.
Danger!
You hit the ball python.
You kill the ball python!
No target in view!
A sourceless malevolence fills the Dungeon...
You fall into a shaft and drop 1 floor!
The shaft crumbles and collapses.
A ball python comes into view.
The ball python hisses angrily.
Danger!
The ball python barely misses you.
You barely miss the ball python.
The ball python bites you but does no damage.
The ball python bites you.
You slash the ball python!
You kill the ball python!
No target in view!
You see here a ball python corpse.
An orc comes into view. It is wielding a +0 hand axe.
The orc shouts!
You hear a shout!
Menkaure, Prince of Dust comes into view.
An orc wizard comes into view. It is wielding a +0 dagger.
You hear a shout!
Danger!
Menkaure casts a spell at you. Pain shoots through your body!
As you read the scroll labelled REACISM FOLAID, it crumbles to dust.
You assume a fearsome visage.
Menkaure is unaffected.
It was a scroll of fear.
Casting: Sting (safe; 2% risk of failure)
Confirm with . or Enter, or press ? or * to list all spells.
Okay, then.
Unknown command.
It was a potion of mutation.
You feel extremely strange. A pair of horns grows on your head!
Okay, then.
Unknown command.
Unknown command.
It was a potion of degeneration.
There was something very wrong with that liquid.
You feel weakened.
You feel dopey.
You feel clumsy.
It was a potion of invisibility.
You fade into invisibility!
Menkaure barely misses you.
An orc wizard comes into view. It is wielding a +0 dagger.
Unknown command.
You see here a ball python corpse.
Menkaure attacks as you move away! Menkaure hits you!!
* * * LOW HITPOINT WARNING * * *
Menkaure hits you!
* * * LOW HITPOINT WARNING * * *
You hit Menkaure but do no damage. Menkaure hits you!
You die...

Skill      XL: |  1  2  3  4  5 |
---------------+----------------+-----
Poison Magic   | 5 6 7 8 |  8.4
Dodging        | |  1.5
Stealth        | |  3.0
Spellcasting   | |  2.0
Transmutations | |  1.0

Action                   |  1- 3 |  4- 6 || total
-------------------------+-------+-------++-------
Melee: Unarmed           |     5 |       ||     5
       Long sword        |       |     7 ||     7
 Fire: Sling             |    33 |     8 ||    41
 Cast: Sting             |    31 |     7 ||    38
       Olgreb's Toxic Ra |       |     6 ||     6
       Poisonous Vapours |       |     1 ||     1
 Abil: Spit Poison       |    14 |     7 ||    21
  Use: Potion            |       |     4 ||     4
       Scroll            |       |     1 ||     1
 Stab: Sleeping          |       |     2 ||     2
Armor: Robe              |    11 |     7 ||    18
Dodge: Dodged            |    23 |    21 ||    44

Levels and vault maps discovered:
D:1:      minmay_arrival_hallway, layout_rooms
D:2:      layout_loops_cross, shapermc_ecumenical_altar_mp_ritualfount
D:3:      layout_basic, vehumet_altar_wand_db, nicolae_elyvilon_peaceful_grove,
          serial_shops, nicolae_square_shop, cheibrodos_gnoll_hut
D:4:      layout_loops_ring, mainiacjoe_overflow_alcove_4,
          hellmonk_ghost_happy_afterlife, hangedman_abyss_or_decor_lesser_grid,
          uniq_robin, uniq_menkaure, uniq_edmund

Notes
Turn   | Place    | Note
-------+----------+-------------------------------------------
     0 | D:1      | Sobieck the Naga Venom Mage began the quest for the Orb.
     0 | D:1      | Reached XP level 1. HP: 15/15 MP: 3/3
    28 | D:1      | You pick up a book of Spectacle and begin reading...
    28 | D:1      | You add the spells Dazzling Flash, Iskenderun's Mystic
                  | Blast and Starburst to your library.
   464 | D:1      | Reached XP level 2. HP: 22/22 MP: 5/5
   680 | D:2      | Reached skill level 5 in Poison Magic
   683 | D:2      | Learned a level 2 spell: Poisonous Vapours
  1081 | D:2      | Reached XP level 3. HP: 28/28 MP: 6/6
  1211 | D:2      | Found a faded altar of an unknown god.
  1317 | D:2      | Reached skill level 6 in Poison Magic
  1477 | D:2      | You pick up a book of Cantrips and begin reading...
  1477 | D:2      | You add the spells Necrotise, Summon Small Mammal and
                  | Apportation to your library.
  1576 | D:2      | Reached XP level 4. HP: 22/36 MP: 2/7
  1823 | D:3      | Learned a level 4 spell: Olgreb's Toxic Radiance
  1956 | D:3      | HP: 6/36 [hound (5)]
  1956 | D:3      | HP: 1/36 [hound (5)]
  1958 | D:3      | Reached skill level 7 in Poison Magic
  1958 | D:3      | Reached XP level 5. HP: 10/42 MP: 0/8
  2254 | D:3      | Found a white marble altar of Elyvilon.
  2425 | D:3      | Reached skill level 8 in Poison Magic
  2737 | D:3      | Found Oruceluu's Antique Armour Shop.
  2747 | D:3      | Bought a shimmering robe for 102 gold pieces
  2747 | D:3      | Identified the +2 robe of Loehyebbauck {rCorr} (You bought
                  | it in a shop on level 3 of the Dungeon)
  2925 | D:3      | You fall into a shaft and drop 1 floor!
  2953 | D:4      | Noticed Menkaure
  2961 | D:4      | Gained mutation: You have a pair of small horns on your
                  | head. [potion of mutation]
  2966 | D:4      | HP: 8/42 [Menkaure (8)]
  2967 | D:4      | Slain by Menkaure

Vanquished Creatures
  2 hounds (D:3)
  An orc wizard (D:3)
  3 adders (D:2)
  4 gnolls (D:3)
  A dart slug (D:2)
  6 orcs (D:3)
  2 endoplasms
  4 goblins (D:2)
  3 hobgoblins
  7 jackals
  4 kobolds
  A quokka (D:3)
  9 ball pythons
  A bat (D:2)
  3 frilled lizards
  A rat (D:2)
52 creatures vanquished.

Vanquished Creatures (others)
  A plant (D:2)
1 creature vanquished.

Grand Total: 53 creatures vanquished

Table legend:
 A = Non-vault XP
 B = Vault XP
 C = Vault XP percentage of total XP
 D = Non-vault monster count
 E = Vault monster count
 F = Vault count percentage of total count
                 A         B        C        D         E       F
            +---------+---------+-------+---------+---------+-------
      Total |     196 |      99 |  33.6 |      49 |       3 |   5.8
            +---------+---------+-------+---------+---------+-------
        D:1 |      12 |       0 |   0.0 |       9 |       0 |   0.0
        D:2 |      70 |       0 |   0.0 |      20 |       0 |   0.0
        D:3 |     113 |      99 |  46.7 |      19 |       3 |  13.6
        D:4 |       1 |       0 |   0.0 |       1 |       0 |   0.0
            +---------+---------+-------+---------+---------+-------

Illustrated notes

Table legend:
 A = Kills in this place as a percentage of kills in entire the game.
 B = Kills by you in this place as a percentage of kills by you in the entire game.
 C = Kills by friends in this place as a percentage of kills by friends in the entire game.
 D = Other kills in this place as a percentage of other kills in the entire game.
 E = Experience gained in this place as a percentage of experience gained in the entire game.
 F = Experience gained in this place divided by the number of levels of this place that you have seen.
                   A       B       C       D       E      F
               +-------+-------+-------+-------+-------+----------------------
         Total | 100.0 | 100.0 |   N/A |   N/A | 100.0 |  73.8
       Dungeon | 100.0 | 100.0 |   N/A |   N/A | 100.0 |  73.8
               +-------+-------+-------+-------+-------+----------------------

Table legend: (Time is in decaauts)
 A = Elapsed time spent in this place.
 B = Non-inter-level travel time spent in this place.
 C = Inter-level travel time spent in this place.
 D = Time resting spent in this place.
 E = Time spent auto-exploring this place.
 F = Levels seen in this place.
 G = Mean time per level.
                   A        B        C        D        E       F      G
               +--------+--------+--------+--------+--------+-----+--------+
         Total |   3623 |   3615 |      8 |    610 |   2576 |   4 |  905.8 |
       Dungeon |   3623 |   3615 |      8 |    610 |   2576 |   4 |  905.8 |
               +--------+--------+--------+--------+--------+-----+--------+

Top non-repeatable levels by time:
     D:3: 1393 daAuts
     D:2: 1322 daAuts
     D:1: 854 daAuts
     D:4: 53 daAuts
